Workbook

Sheet Orçamento Inicial
A2: ESTADO DE MATO GROSSO DO SUL
A3: MUNICÍPIO DE CORUMBÁ
A4: .
A5: Orçamento Inicial - Analítico - Método Truncado
A7: Objeto: | B7: LOTE 08 - CARNAVAL
A8: Município: | B8: Corumbá/MS
A9: Local: | B9: Rua General Rondon, S/N
A10: BDI: | B10: BDI ONERADO 20,49% - SERVIÇOS - 1º QUARTIL ACÓRDÃO 2622/2013 (20,49%)
A11: Prazo exec.: | B11: 30 dias
A12: Sist./Ref.: | B12: CORUMBÁ CIVIL (fev/2026), SINAPI - Sist. Nac. de Pesq. de Custos e Índ. da Const. Civil (fev/2026)
A13: Item | B13: Descrição | C13: DMT | D13: Unid. | E13: Qtde. | F13: Custo Unitário | G13: Preço Unitário | H13: Preço Total | I13: Sistema | J13: BDI's | M13: Referência
A14: Cód. Oficial | J14: Material | K14: Mão de Obra | L14: Equipamento
A15: 01 | B15: INSTALAÇÕES ELÉTRICAS
A16: 01.01 C01 Ev | B16: FORNECIMENTO DE DUPLA DE ELETRICISTAS, PROVIDOS DE FERRAMENTAS, EPIS EM CONFORMIDADE COM A NR10 E TRANSPORTE (VIATURA PROVIDA DE DE ESCADAS E EPCS) - PLANTÃO DURANTE OS EVENTOS PARA ATENDER AS SOLICITAÇÕES DA CONTRATANTE | D16: h | E16: 168 | F16: 152.39 | G16: 183.61 | H16: 30846.48 | I16: CORUMBÁ CIVIL | J16: 108-BDI ONERADO 20,49% - SERVIÇOS - 1º QUARTIL ACÓRDÃO 2622/2013 ( 20,49% ) | K16: 108-BDI ONERADO 20,49% - SERVIÇOS - 1º QUARTIL ACÓRDÃO 2622/2013 ( 20,49% ) | L16: 108-BDI ONERADO 20,49% - SERVIÇOS - 1º QUARTIL ACÓRDÃO 2622/2013 ( 20,49% ) | M16: 01/02/2026
A17: 01.02 1004202601 | B17: CABO DE ALUMINIO NU SEM ALMA DE ACO, BITOLA 1/0AWG/50 MM2 (4 CONDUTORES MULTIPLEXADOS) -FORNECIMENTO E INSTALAÇÃO COM POSTERIOR RETIRADA. | D17: kg | E17: 400 | F17: 223.27 | G17: 269.01 | H17: 107604 | I17: CORUMBÁ CIVIL | J17: 108-BDI ONERADO 20,49% - SERVIÇOS - 1º QUARTIL ACÓRDÃO 2622/2013 ( 20,49% ) | K17: 108-BDI ONERADO 20,49% - SERVIÇOS - 1º QUARTIL ACÓRDÃO 2622/2013 ( 20,49% ) | L17: 108-BDI ONERADO 20,49% - SERVIÇOS - 1º QUARTIL ACÓRDÃO 2622/2013 ( 20,49% ) | M17: 01/02/2026
A18: 01.03 1004202602 | B18: INSTALAÇÕES ELÉTRICAS PROVISÓRIAS EM BARRACAS E/OU TENDAS E CAMAROTES. | D18: un | E18: 120 | F18: 221.66 | G18: 267.07 | H18: 32048.4 | I18: CORUMBÁ CIVIL | J18: 108-BDI ONERADO 20,49% - SERVIÇOS - 1º QUARTIL ACÓRDÃO 2622/2013 ( 20,49% ) | K18: 108-BDI ONERADO 20,49% - SERVIÇOS - 1º QUARTIL ACÓRDÃO 2622/2013 ( 20,49% ) | L18: 108-BDI ONERADO 20,49% - SERVIÇOS - 1º QUARTIL ACÓRDÃO 2622/2013 ( 20,49% ) | M18: 01/02/2026
A19: 01.04 1004202603 | B19: ENTRADA DE ENERGIA ELÉTRICA, AÉREA, TRIFÁSICA, COM CAIXA DE SOBREPOR, CABO DE 35 MM2 E DISJUNTOR NEMA DE 60 ATÉ 100A (NÃO INCLUSO O POSTE DE CONCRETO). AF_07/2020_PS COM POSTERIOR RETIRADA – RAMAL PROVISÓRIO | D19: un | E19: 15 | F19: 1837.84 | G19: 2214.41 | H19: 33216.15 | I19: CORUMBÁ CIVIL | J19: 108-BDI ONERADO 20,49% - SERVIÇOS - 1º QUARTIL ACÓRDÃO 2622/2013 ( 20,49% ) | K19: 108-BDI ONERADO 20,49% - SERVIÇOS - 1º QUARTIL ACÓRDÃO 2622/2013 ( 20,49% ) | L19: 108-BDI ONERADO 20,49% - SERVIÇOS - 1º QUARTIL ACÓRDÃO 2622/2013 ( 20,49% ) | M19: 01/02/2026
A20: 01.05 1004202604 | B20: INSTALAÇÃO COM POSTERIOR RETIRADA DE CONJUNTO DE LUMINÁRIAS LED DE REFORÇO DE ILUMINAÇÃO DA PASSARELA DO SAMBA, PORTO GERAL E DEMAIS EVENTOS (INCLUINDO POSTE) | D20: un | E20: 25 | F20: 6473.25 | G20: 7799.61 | H20: 194990.25 | I20: CORUMBÁ CIVIL | J20: 108-BDI ONERADO 20,49% - SERVIÇOS - 1º QUARTIL ACÓRDÃO 2622/2013 ( 20,49% ) | K20: 108-BDI ONERADO 20,49% - SERVIÇOS - 1º QUARTIL ACÓRDÃO 2622/2013 ( 20,49% ) | L20: 108-BDI ONERADO 20,49% - SERVIÇOS - 1º QUARTIL ACÓRDÃO 2622/2013 ( 20,49% ) | M20: 01/02/2026
A21: 01.06 1004202605 | B21: INSTALAÇÃO DE LUMINÁRIA LED 35 WATTS PARA REFORÇO DE ILUMINAÇÃO DA PASSARELA DO SAMBA, EM FRENTE AOS CAMAROTES, COM POSTERIOR RETIRADA | D21: un | E21: 32 | F21: 167.58 | G21: 201.91 | H21: 6461.12 | I21: CORUMBÁ CIVIL | J21: 108-BDI ONERADO 20,49% - SERVIÇOS - 1º QUARTIL ACÓRDÃO 2622/2013 ( 20,49% ) | K21: 108-BDI ONERADO 20,49% - SERVIÇOS - 1º QUARTIL ACÓRDÃO 2622/2013 ( 20,49% ) | L21: 108-BDI ONERADO 20,49% - SERVIÇOS - 1º QUARTIL ACÓRDÃO 2622/2013 ( 20,49% ) | M21: 01/02/2026
A22: 01.07 1004202606 | B22: INSTALAÇÃO, EM POSTE, (CONCRETO OU METÁLICO) DE PROJETOR LED PARA MELHORIA DE ILUMINAÇÃO – (NÃO INCLUI POSTE) | D22: un | E22: 25 | F22: 1002.69 | G22: 1208.14 | H22: 30203.5 | I22: CORUMBÁ CIVIL | J22: 108-BDI ONERADO 20,49% - SERVIÇOS - 1º QUARTIL ACÓRDÃO 2622/2013 ( 20,49% ) | K22: 108-BDI ONERADO 20,49% - SERVIÇOS - 1º QUARTIL ACÓRDÃO 2622/2013 ( 20,49% ) | L22: 108-BDI ONERADO 20,49% - SERVIÇOS - 1º QUARTIL ACÓRDÃO 2622/2013 ( 20,49% ) | M22: 01/02/2026
A23: 01.08 105955 | B23: Poste de aço cônico contínuo reto, engastamento simples com 1 m de solo, h=9m - fornecimento e instalação. Af_04/2025 | D23: un | E23: 25 | F23: 2558.24 | G23: 3082.42 | H23: 77060.5 | I23: SINAPI - Sist. Nac. de Pesq. de Custos e Índ. da Const. Civil | J23: 108-BDI ONERADO 20,49% - SERVIÇOS - 1º QUARTIL ACÓRDÃO 2622/2013 ( 20,49% ) | K23: 108-BDI ONERADO 20,49% - SERVIÇOS - 1º QUARTIL ACÓRDÃO 2622/2013 ( 20,49% ) | L23: 108-BDI ONERADO 20,49% - SERVIÇOS - 1º QUARTIL ACÓRDÃO 2622/2013 ( 20,49% ) | M23: 01/02/2026
A24: 01.09 1004202607 | B24: INSTALAÇÃO PROVISÓRIA, COM POSTERIOR RETIRADA, PARA ATENDIMENTO DE FOOD TRUCK | D24: un | E24: 10 | F24: 239.82 | G24: 288.95 | H24: 2889.5 | I24: CORUMBÁ CIVIL | J24: 108-BDI ONERADO 20,49% - SERVIÇOS - 1º QUARTIL ACÓRDÃO 2622/2013 ( 20,49% ) | K24: 108-BDI ONERADO 20,49% - SERVIÇOS - 1º QUARTIL ACÓRDÃO 2622/2013 ( 20,49% ) | L24: 108-BDI ONERADO 20,49% - SERVIÇOS - 1º QUARTIL ACÓRDÃO 2622/2013 ( 20,49% ) | M24: 01/02/2026
A25: 01.10 1004202608 | B25: DISPONIBILIZAÇÃO DE EQUIPE COM GUINDAUTO | D25: h | E25: 40 | F25: 332.28 | G25: 400.36 | H25: 16014.4 | I25: CORUMBÁ CIVIL | J25: 108-BDI ONERADO 20,49% - SERVIÇOS - 1º QUARTIL ACÓRDÃO 2622/2013 ( 20,49% ) | K25: 108-BDI ONERADO 20,49% - SERVIÇOS - 1º QUARTIL ACÓRDÃO 2622/2013 ( 20,49% ) | L25: 108-BDI ONERADO 20,49% - SERVIÇOS - 1º QUARTIL ACÓRDÃO 2622/2013 ( 20,49% ) | M25: 01/02/2026
A26: 01.11 1004202609 | B26: TRANSFORMADOR DE DISTRIBUIÇÃO, 150 KVA, TRIFÁSICO, 60 HZ, CLASSE 15 KV, IMERSO EM ÓLEO MINERAL, INSTALAÇÃO EM POSTE (NÃO INCLUSO SUPORTE) - FORNECIMENTO E INSTALAÇÃO. | D26: un | E26: 1 | F26: 37023.93 | G26: 44610.13 | H26: 44610.13 | I26: CORUMBÁ CIVIL | J26: 108-BDI ONERADO 20,49% - SERVIÇOS - 1º QUARTIL ACÓRDÃO 2622/2013 ( 20,49% ) | K26: 108-BDI ONERADO 20,49% - SERVIÇOS - 1º QUARTIL ACÓRDÃO 2622/2013 ( 20,49% ) | L26: 108-BDI ONERADO 20,49% - SERVIÇOS - 1º QUARTIL ACÓRDÃO 2622/2013 ( 20,49% ) | M26: 01/02/2026
A27: 01.12 1004202610 | B27: TRANSFORMADOR DE DISTRIBUIÇÃO, 112,5 KVA, TRIFÁSICO, 60 HZ, CLASSE 15 KV, IMERSO EM ÓLEO MINERAL, INSTALAÇÃO EM POSTE (NÃO INCLUSO SUPORTE) - FORNECIMENTO E INSTALAÇÃO. | D27: un | E27: 1 | F27: 29527.73 | G27: 35577.96 | H27: 35577.96 | I27: CORUMBÁ CIVIL | J27: 108-BDI ONERADO 20,49% - SERVIÇOS - 1º QUARTIL ACÓRDÃO 2622/2013 ( 20,49% ) | K27: 108-BDI ONERADO 20,49% - SERVIÇOS - 1º QUARTIL ACÓRDÃO 2622/2013 ( 20,49% ) | L27: 108-BDI ONERADO 20,49% - SERVIÇOS - 1º QUARTIL ACÓRDÃO 2622/2013 ( 20,49% ) | M27: 01/02/2026
B28: Total - INSTALAÇÕES ELÉTRICAS | H28: 611522.39
C29: Total Geral | H29: 611522.39

Sheet Composições Principais
A1: C01 Ev - FORNECIMENTO DE DUPLA DE ELETRICISTAS, PROVIDOS DE FERRAMENTAS, EPIS EM CONFORMIDADE COM A NR10 E TRANSPORTE (VIATURA PROVIDA DE DE ESCADAS E EPCS) - PLANTÃO DURANTE OS EVENTOS PARA ATENDER AS SOLICITAÇÕES DA CONTRATANTE ( h )
A2: Sistema: CORUMBÁ CIVIL - 01/02/2026
A3: Utilizado no(s) item(ns) 01.01
A4: Código | B4: Descrição | C4: Unidade | D4: Quantidade | E4: Utilização Operativa | F4: Utilização Improdutiva | G4: Valor Operativo | H4: Valor Improdutivo | I4: Valor Item
A5: 88247 | B5: Auxiliar de eletricista com encargos complementares | C5: h | D5: 1 | E5: 1 | F5: 0 | G5: 23.83 | H5: 0 | I5: 23.83
A6: 92138 | B6: Caminhonete com motor a diesel, potencia 180 cv, cabine dupla, 4x4 - chp diurno. Af_11/2015 | C6: chp | D6: 1 | E6: 1 | F6: 0 | G6: 97.42 | H6: 0 | I6: 97.42
A7: 88264 | B7: Eletricista com encargos complementares | C7: h | D7: 1 | E7: 1 | F7: 0 | G7: 31.14 | H7: 0 | I7: 31.14
H8: Custo Unitário | I8: 152.39
H9: BDI | I9: 20.49
H10: Preço Unitário | I10: 183.61
A13: 1004202601 - CABO DE ALUMINIO NU SEM ALMA DE ACO, BITOLA 1/0AWG/50 MM2 (4 CONDUTORES MULTIPLEXADOS) -FORNECIMENTO E INSTALAÇÃO COM POSTERIOR RETIRADA. ( kg )
A14: Sistema: CORUMBÁ CIVIL - 01/02/2026
A15: Utilizado no(s) item(ns) 01.02
A16: Código | B16: Descrição | C16: Unidade | D16: Quantidade | E16: Utilização Operativa | F16: Utilização Improdutiva | G16: Valor Operativo | H16: Valor Improdutivo | I16: Valor Item
A17: 25005 | B17: Cabo de alumínio nu sem alma de aço, bitola 1/0 awg | C17: kg | D17: 1.04 | E17: 1 | F17: 0 | G17: 64.83 | H17: 0 | I17: 67.42
A18: 1562 | B18: Conector metalico tipo parafuso fendido (split bolt), com separador de cabos bimetalicos, para cabos ate 50 mm2 | C18: un | D18: 3 | E18: 1 | F18: 0 | G18: 18.9 | H18: 0 | I18: 56.7
A19: 21127 | B19: Fita isolante adesiva antichama, uso até 750 v, em rolo de 19 mm x 5 m | C19: un | D19: 0.014 | E19: 1 | F19: 0 | G19: 6.44 | H19: 0 | I19: 0.09
A20: 88247 | B20: Auxiliar de eletricista com encargos complementares | C20: h | D20: 0.03 | E20: 1 | F20: 0 | G20: 23.83 | H20: 0 | I20: 0.71
A21: 92138 | B21: Caminhonete com motor a diesel, potencia 180 cv, cabine dupla, 4x4 - chp diurno. Af_11/2015 | C21: chp | D21: 1 | E21: 1 | F21: 0 | G21: 97.42 | H21: 0 | I21: 97.42
A22: 88264 | B22: Eletricista com encargos complementares | C22: h | D22: 0.03 | E22: 1 | F22: 0 | G22: 31.14 | H22: 0 | I22: 0.93
H23: Custo Unitário | I23: 223.27
H24: BDI | I24: 20.49
H25: Preço Unitário | I25: 269.01
A28: 1004202602 - INSTALAÇÕES ELÉTRICAS PROVISÓRIAS EM BARRACAS E/OU TENDAS E CAMAROTES. ( un )
A29: Sistema: CORUMBÁ CIVIL - 01/02/2026
A30: Utilizado no(s) item(ns) 01.03
A31: Código | B31: Descrição | C31: Unidade | D31: Quantidade | E31: Utilização Operativa | F31: Utilização Improdutiva | G31: Valor Operativo | H31: Valor Improdutivo | I31: Valor Item
A32: 1562 | B32: Conector metalico tipo parafuso fendido (split bolt), com separador de cabos bimetalicos, para cabos ate 50 mm2 | C32: un | D32: 3 | E32: 1 | F32: 0 | G32: 18.9 | H32: 0 | I32: 56.7
A33: 21127 | B33: Fita isolante adesiva antichama, uso até 750 v, em rolo de 19 mm x 5 m | C33: un | D33: 0.014 | E33: 1 | F33: 0 | G33: 6.44 | H33: 0 | I33: 0.09
A34: 91928 | B34: Cabo de cobre flexível isolado, 4 mm², anti-chama 450/750 v, para circuitos terminais - fornecimento e instalação. Af_03/2023 | C34: m | D34: 1 | E34: 1 | F34: 0 | G34: 7.78 | H34: 0 | I34: 7.78
A35: 91857 | B35: Eletroduto flexível corrugado reforçado, pvc, dn 32 mm (1"), para circuitos terminais, instalado em parede - fornecimento e instalação. Af_03/2023 | C35: m | D35: 1 | E35: 1 | F35: 0 | G35: 16.37 | H35: 0 | I35: 16.37
A36: 97610 | B36: Lâmpada compacta de led 10 w, base e27 - fornecimento e instalação. Af_09/2024 | C36: un | D36: 2 | E36: 1 | F36: 0 | G36: 14.5 | H36: 0 | I36: 29
A37: 92004 | B37: Tomada média de embutir (2 módulos), 2p+t 10 a, incluindo suporte e placa - fornecimento e instalação. Af_03/2023 | C37: un | D37: 2 | E37: 1 | F37: 0 | G37: 55.86 | H37: 0 | I37: 111.72
H38: Custo Unitário | I38: 221.66
H39: BDI | I39: 20.49
H40: Preço Unitário | I40: 267.07
A43: 1004202603 - ENTRADA DE ENERGIA ELÉTRICA, AÉREA, TRIFÁSICA, COM CAIXA DE SOBREPOR, CABO DE 35 MM2 E DISJUNTOR NEMA DE 60 ATÉ 100A (NÃO INCLUSO O POSTE DE CONCRETO). AF_07/2020_PS COM POSTERIOR RETIRADA – RAMAL PROVISÓRIO ( un )
A44: Sistema: CORUMBÁ CIVIL - 01/02/2026
A45: Utilizado no(s) item(ns) 01.04
A46: Código | B46: Descrição | C46: Unidade | D46: Quantidade | E46: Utilização Operativa | F46: Utilização Improdutiva | G46: Valor Operativo | H46: Valor Improdutivo | I46: Valor Item
A47: 43130 | B47: Arame galvanizado 12 bwg, d = 2,76 mm (0,048 kg/m) ou 14 bwg, d = 2,11 mm (0,026 kg/m) | C47: kg | D47: 0.5 | E47: 1 | F47: 0 | G47: 19.4 | H47: 0 | I47: 9.7
A48: 1562 | B48: Conector metalico tipo parafuso fendido (split bolt), com separador de cabos bimetalicos, para cabos ate 50 mm2 | C48: un | D48: 3 | E48: 1 | F48: 0 | G48: 18.9 | H48: 0 | I48: 56.7
A49: 21127 | B49: Fita isolante adesiva antichama, uso até 750 v, em rolo de 19 mm x 5 m | C49: un | D49: 0.014 | E49: 1 | F49: 0 | G49: 6.44 | H49: 0 | I49: 0.09
A50: 101538 | B50: Armação secundária, com 1 estribo e 1 isolador - fornecimento e instalação. Af_12/2025 | C50: un | D50: 1 | E50: 1 | F50: 0 | G50: 67.29 | H50: 0 | I50: 67.29
A51: 88247 | B51: Auxiliar de eletricista com encargos complementares | C51: h | D51: 0.3897 | E51: 1 | F51: 0 | G51: 23.83 | H51: 0 | I51: 9.28
A52: 92986 | B52: Cabo de cobre flexível isolado, 35 mm², anti-chama 0,6/1,0 kv, para rede enterrada de distribuição de energia elétrica - fornecimento e instalação. Af_12/2021 | C52: m | D52: 22.2 | E52: 1 | F52: 0 | G52: 45.62 | H52: 0 | I52: 1012.76
A53: 104749 | B53: Conector grampo metálico tipo olhal, para spda, para haste de aterramento de 3/4'' e cabos de 10 a 50 mm2 - fornecimento e instalação. Af_08/2023 | C53: un | D53: 1 | E53: 1 | F53: 0 | G53: 18.87 | H53: 0 | I53: 18.87
A54: 96977 | B54: Cordoalha de cobre nu 50 mm², enterrada - fornecimento e instalação. Af_08/2023 | C54: m | D54: 1.95 | E54: 1 | F54: 0 | G54: 68.95 | H54: 0 | I54: 134.45
A55: 91920 | B55: Curva 90 graus para eletroduto, pvc, roscável, dn 40 mm (1 1/4"), para circuitos terminais, instalada em parede - fornecimento e instalação. Af_03/2023 | C55: un | D55: 1 | E55: 1 | F55: 0 | G55: 23.51 | H55: 0 | I55: 23.51
A56: 101894 | B56: Disjuntor tripolar tipo nema, corrente nominal de 60 até 100a - fornecimento e instalação. Af_07/2025 | C56: un | D56: 1 | E56: 1 | F56: 0 | G56: 167.69 | H56: 0 | I56: 167.69
A57: 88264 | B57: Eletricista com encargos complementares | C57: h | D57: 3.5078 | E57: 1 | F57: 0 | G57: 31.14 | H57: 0 | I57: 109.23
A58: 96986 | B58: Haste de aterramento, diâmetro 3/4", com 3 metros - fornecimento e instalação. Af_08/2023 | C58: un | D58: 1 | E58: 1 | F58: 0 | G58: 104.9 | H58: 0 | I58: 104.9
... A60: 101946 | B60: Quadro de medição geral de energia para 1 medidor de sobrepor - fornecimento e instalação. Af_07/2025 | C60: un | D60: 1 | E60: 1 | F60: 0 | G60: 108.07 | H60: 0 | I60: 108.07
H61: Custo Unitário | I61: 1837.84
H62: BDI | I62: 20.49
H63: Preço Unitário | I63: 2214.41
A66: 1004202604 - INSTALAÇÃO COM POSTERIOR RETIRADA DE CONJUNTO DE LUMINÁRIAS LED DE REFORÇO DE ILUMINAÇÃO DA PASSARELA DO SAMBA, PORTO GERAL E DEMAIS EVENTOS (INCLUINDO POSTE) ( un )
A67: Sistema: CORUMBÁ CIVIL - 01/02/2026
A68: Utilizado no(s) item(ns) 01.05
A69: Código | B69: Descrição | C69: Unidade | D69: Quantidade | E69: Utilização Operativa | F69: Utilização Improdutiva | G69: Valor Operativo | H69: Valor Improdutivo | I69: Valor Item
A70: 1562 | B70: Conector metalico tipo parafuso fendido (split bolt), com separador de cabos bimetalicos, para cabos ate 50 mm2 | C70: un | D70: 3 | E70: 1 | F70: 0 | G70: 18.9 | H70: 0 | I70: 56.7
A71: 34519 | B71: Cruzeta de concreto leve, comp. 2000 mm secao, 90 x 90 mm | C71: un | D71: 1 | E71: 1 | F71: 0 | G71: 116.37 | H71: 0 | I71: 116.37
A72: 21127 | B72: Fita isolante adesiva antichama, uso até 750 v, em rolo de 19 mm x 5 m | C72: un | D72: 0.042 | E72: 1 | F72: 0 | G72: 6.44 | H72: 0 | I72: 0.27
A73: 42249 | B73: Luminária de led para iluminação pública, de 240 w até 350 w, involucro em alumínio ou aço inox | C73: un | D73: 4 | E73: 1 | F73: 0 | G73: 874.54 | H73: 0 | I73: 3498.16
A74: 1201008128 | B74: Mão francesa normal de 726 mm - (REF. AGESUL) | C74: un | D74: 1 | E74: 1 | F74: 0 | G74: 52.12 | H74: 0 | I74: 52.12
A75: 88247 | B75: Auxiliar de eletricista com encargos complementares | C75: h | D75: 2.9156 | E75: 1 | F75: 0 | G75: 23.83 | H75: 0 | I75: 69.47
A76: 88264 | B76: Eletricista com encargos complementares | C76: h | D76: 2.9156 | E76: 1 | F76: 0 | G76: 31.14 | H76: 0 | I76: 90.79
A77: 105955 | B77: Poste de aço cônico contínuo reto, engastamento simples com 1 m de solo, h=9m - fornecimento e instalação. Af_04/2025 | C77: un | D77: 1 | E77: 1 | F77: 0 | G77: 2558.24 | H77: 0 | I77: 2558.24
A78: 101632 | B78: Relé fotoelétrico para comando de iluminação externa 1000 w - fornecimento e instalação. Af_02/2025 | C78: un | D78: 1 | E78: 1 | F78: 0 | G78: 31.13 | H78: 0 | I78: 31.13
H79: Custo Unitário | I79: 6473.25
H80: BDI | I80: 20.49
H81: Preço Unitário | I81: 7799.61
A84: 1004202605 - INSTALAÇÃO DE LUMINÁRIA LED 35 WATTS PARA REFORÇO DE ILUMINAÇÃO DA PASSARELA DO SAMBA, EM FRENTE AOS CAMAROTES, COM POSTERIOR RETIRADA ( un )
A85: Sistema: CORUMBÁ CIVIL - 01/02/2026
A86: Utilizado no(s) item(ns) 01.06
A87: Código | B87: Descrição | C87: Unidade | D87: Quantidade | E87: Utilização Operativa | F87: Utilização Improdutiva | G87: Valor Operativo | H87: Valor Improdutivo | I87: Valor Item
A88: 21127 | B88: Fita isolante adesiva antichama, uso até 750 v, em rolo de 19 mm x 5 m | C88: un | D88: 0.014 | E88: 1 | F88: 0 | G88: 6.44 | H88: 0 | I88: 0.09
A89: 42244 | B89: Luminária de led para iluminação pública, de 33 w até 50 w, involucro em alumínio ou aço inox | C89: un | D89: 1 | E89: 1 | F89: 0 | G89: 136.58 | H89: 0 | I89: 136.58
A90: 88247 | B90: Auxiliar de eletricista com encargos complementares | C90: h | D90: 0.2064 | E90: 1 | F90: 0 | G90: 23.83 | H90: 0 | I90: 4.91
A91: 92138 | B91: Caminhonete com motor a diesel, potencia 180 cv, cabine dupla, 4x4 - chp diurno. Af_11/2015 | C91: chp | D91: 0.201 | E91: 1 | F91: 0 | G91: 97.42 | H91: 0 | I91: 19.58
A92: 88264 | B92: Eletricista com encargos complementares | C92: h | D92: 0.2064 | E92: 1 | F92: 0 | G92: 31.14 | H92: 0 | I92: 6.42
H93: Custo Unitário | I93: 167.58
H94: BDI | I94: 20.49
H95: Preço Unitário | I95: 201.91
A98: 1004202606 - INSTALAÇÃO, EM POSTE, (CONCRETO OU METÁLICO) DE PROJETOR LED PARA MELHORIA DE ILUMINAÇÃO – (NÃO INCLUI POSTE) ( un )
A99: Sistema: CORUMBÁ CIVIL - 01/02/2026
A100: Utilizado no(s) item(ns) 01.07
A101: Código | B101: Descrição | C101: Unidade | D101: Quantidade | E101: Utilização Operativa | F101: Utilização Improdutiva | G101: Valor Operativo | H101: Valor Improdutivo | I101: Valor Item
A102: 1562 | B102: Conector metalico tipo parafuso fendido (split bolt), com separador de cabos bimetalicos, para cabos ate 50 mm2 | C102: un | D102: 3 | E102: 1 | F102: 0 | G102: 18.9 | H102: 0 | I102: 56.7
A103: 21127 | B103: Fita isolante adesiva antichama, uso até 750 v, em rolo de 19 mm x 5 m | C103: un | D103: 0.042 | E103: 1 | F103: 0 | G103: 6.44 | H103: 0 | I103: 0.27
A104: 42249 | B104: Luminária de led para iluminação pública, de 240 w até 350 w, involucro em alumínio ou aço inox | C104: un | D104: 1 | E104: 1 | F104: 0 | G104: 874.54 | H104: 0 | I104: 874.54
A105: 88247 | B105: Auxiliar de eletricista com encargos complementares | C105: h | D105: 0.7289 | E105: 1 | F105: 0 | G105: 23.83 | H105: 0 | I105: 17.36
A106: 88264 | B106: Eletricista com encargos complementares | C106: h | D106: 0.7289 | E106: 1 | F106: 0 | G106: 31.14 | H106: 0 | I106: 22.69
A107: 101632 | B107: Relé fotoelétrico para comando de iluminação externa 1000 w - fornecimento e instalação. Af_02/2025 | C107: un | D107: 1 | E107: 1 | F107: 0 | G107: 31.13 | H107: 0 | I107: 31.13
H108: Custo Unitário | I108: 1002.69
H109: BDI | I109: 20.49
H110: Preço Unitário | I110: 1208.14
A113: 105955 - Poste de aço cônico contínuo reto, engastamento simples com 1 m de solo, h=9m - fornecimento e instalação. Af_04/2025 ( un )
A114: Sistema: SINAPI - Sist. Nac. de Pesq. de Custos e Índ. da Const. Civil - 01/02/2026
A115: Utilizado no(s) item(ns) 01.08
...

Sheet Composições Auxiliares
A1: 88247 - Auxiliar de eletricista com encargos complementares ( h )
A2: Sistema: SINAPI - Sist. Nac. de Pesq. de Custos e Índ. da Const. Civil - 01/02/2026
A3: Utilizado no(s) item(ns) 88247
A4: Código | B4: Descrição | C4: Unidade | D4: Quantidade | E4: Utilização Operativa | F4: Utilização Improdutiva | G4: Valor Operativo | H4: Valor Improdutivo | I4: Valor Item
A5: 247 | B5: Ajudante de eletricista (horista) | C5: h | D5: 1 | E5: 1 | F5: 0 | G5: 16.5 | H5: 0 | I5: 16.5
A6: 37370 | B6: Alimentacao - horista (coletado caixa - encargos complementares) | C6: h | D6: 1 | E6: 1 | F6: 0 | G6: 1.73 | H6: 0 | I6: 1.73
A7: 37372 | B7: Exames - horista (coletado caixa - encargos complementares) | C7: h | D7: 1 | E7: 1 | F7: 0 | G7: 1.67 | H7: 0 | I7: 1.67
A8: 37373 | B8: Seguro - horista (coletado caixa - encargos complementares) | C8: h | D8: 1 | E8: 1 | F8: 0 | G8: 0.11 | H8: 0 | I8: 0.11
A9: 37371 | B9: Transporte - horista (coletado caixa - encargos complementares) | C9: h | D9: 1 | E9: 1 | F9: 0 | G9: 1.04 | H9: 0 | I9: 1.04
A10: 43484 | B10: Epi - família eletricista - horista (encargos complementares - coletado caixa) | C10: h | D10: 1 | E10: 1 | F10: 0 | G10: 1.34 | H10: 0 | I10: 1.34
A11: 43460 | B11: Ferramentas - família eletricista - horista (encargos complementares - coletado caixa) | C11: h | D11: 1 | E11: 1 | F11: 0 | G11: 0.83 | H11: 0 | I11: 0.83
A12: 95316 | B12: Curso de capacitação para auxiliar de eletricista (encargos complementares) - horista | C12: h | D12: 1 | E12: 1 | F12: 0 | G12: 0.61 | H12: 0 | I12: 0.61
A15: 92138 - Caminhonete com motor a diesel, potencia 180 cv, cabine dupla, 4x4 - chp diurno. Af_11/2015 ( chp )
A16: Sistema: SINAPI - Sist. Nac. de Pesq. de Custos e Índ. da Const. Civil - 01/02/2026
A17: Utilizado no(s) item(ns) 92138
A18: Código | B18: Descrição | C18: Unidade | D18: Quantidade | E18: Utilização Operativa | F18: Utilização Improdutiva | G18: Valor Operativo | H18: Valor Improdutivo | I18: Valor Item
A19: 92133 | B19: Caminhonete com motor a diesel, potencia 180 cv, cabine dupla, 4x4 - depreciação. Af_11/2015 | C19: h | D19: 1 | E19: 1 | F19: 0 | G19: 13.55 | H19: 0 | I19: 13.55
A20: 92135 | B20: Caminhonete com motor a diesel, potencia 180 cv, cabine dupla, 4x4 - impostos e seguros. Af_11/2015 | C20: h | D20: 1 | E20: 1 | F20: 0 | G20: 1.69 | H20: 0 | I20: 1.69
A21: 92134 | B21: Caminhonete com motor a diesel, potencia 180 cv, cabine dupla, 4x4 - juros. Af_11/2015 | C21: h | D21: 1 | E21: 1 | F21: 0 | G21: 4.18 | H21: 0 | I21: 4.18
A22: 92136 | B22: Caminhonete com motor a diesel, potencia 180 cv, cabine dupla, 4x4 - manutenção. Af_11/2015 | C22: h | D22: 1 | E22: 1 | F22: 0 | G22: 16.94 | H22: 0 | I22: 16.94
A23: 92137 | B23: Caminhonete com motor a diesel, potencia 180 cv, cabine dupla, 4x4 - materiais na operação. Af_11/2015 | C23: h | D23: 1 | E23: 1 | F23: 0 | G23: 35.22 | H23: 0 | I23: 35.22
A24: 88284 | B24: Motorista de veículo leve com encargos complementares | C24: h | D24: 1 | E24: 1 | F24: 0 | G24: 25.84 | H24: 0 | I24: 25.84
A27: 88264 - Eletricista com encargos complementares ( h )
A28: Sistema: SINAPI - Sist. Nac. de Pesq. de Custos e Índ. da Const. Civil - 01/02/2026
A29: Utilizado no(s) item(ns) 88264
A30: Código | B30: Descrição | C30: Unidade | D30: Quantidade | E30: Utilização Operativa | F30: Utilização Improdutiva | G30: Valor Operativo | H30: Valor Improdutivo | I30: Valor Item
A31: 37370 | B31: Alimentacao - horista (coletado caixa - encargos complementares) | C31: h | D31: 1 | E31: 1 | F31: 0 | G31: 1.73 | H31: 0 | I31: 1.73
A32: 2436 | B32: Eletricista (horista) | C32: h | D32: 1 | E32: 1 | F32: 0 | G32: 23.55 | H32: 0 | I32: 23.55
A33: 37372 | B33: Exames - horista (coletado caixa - encargos complementares) | C33: h | D33: 1 | E33: 1 | F33: 0 | G33: 1.67 | H33: 0 | I33: 1.67
A34: 37373 | B34: Seguro - horista (coletado caixa - encargos complementares) | C34: h | D34: 1 | E34: 1 | F34: 0 | G34: 0.11 | H34: 0 | I34: 0.11
A35: 37371 | B35: Transporte - horista (coletado caixa - encargos complementares) | C35: h | D35: 1 | E35: 1 | F35: 0 | G35: 1.04 | H35: 0 | I35: 1.04
A36: 43484 | B36: Epi - família eletricista - horista (encargos complementares - coletado caixa) | C36: h | D36: 1 | E36: 1 | F36: 0 | G36: 1.34 | H36: 0 | I36: 1.34
A37: 43460 | B37: Ferramentas - família eletricista - horista (encargos complementares - coletado caixa) | C37: h | D37: 1 | E37: 1 | F37: 0 | G37: 0.83 | H37: 0 | I37: 0.83
A38: 95332 | B38: Curso de capacitação para eletricista (encargos complementares) - horista | C38: h | D38: 1 | E38: 1 | F38: 0 | G38: 0.87 | H38: 0 | I38: 0.87
A41: 92133 - Caminhonete com motor a diesel, potencia 180 cv, cabine dupla, 4x4 - depreciação. Af_11/2015 ( h )
A42: Sistema: SINAPI - Sist. Nac. de Pesq. de Custos e Índ. da Const. Civil - 01/02/2026
A43: Utilizado no(s) item(ns) 92133
A44: Código | B44: Descrição | C44: Unidade | D44: Quantidade | E44: Utilização Operativa | F44: Utilização Improdutiva | G44: Valor Operativo | H44: Valor Improdutivo | I44: Valor Item
A45: 1159 | B45: Caminhonete com motor a diesel, potencia *160* cv, cabine dupla, 4x4 | C45: un | D45: 4.8e-05 | E45: 1 | F45: 0 | G45: 282445 | H45: 0 | I45: 13.55
A48: 92135 - Caminhonete com motor a diesel, potencia 180 cv, cabine dupla, 4x4 - impostos e seguros. Af_11/2015 ( h )
A49: Sistema: SINAPI - Sist. Nac. de Pesq. de Custos e Índ. da Const. Civil - 01/02/2026
A50: Utilizado no(s) item(ns) 92135
A51: Código | B51: Descrição | C51: Unidade | D51: Quantidade | E51: Utilização Operativa | F51: Utilização Improdutiva | G51: Valor Operativo | H51: Valor Improdutivo | I51: Valor Item
A52: 1159 | B52: Caminhonete com motor a diesel, potencia *160* cv, cabine dupla, 4x4 | C52: un | D52: 6e-06 | E52: 1 | F52: 0 | G52: 282445 | H52: 0 | I52: 1.69
A55: 92134 - Caminhonete com motor a diesel, potencia 180 cv, cabine dupla, 4x4 - juros. Af_11/2015 ( h )
A56: Sistema: SINAPI - Sist. Nac. de Pesq. de Custos e Índ. da Const. Civil - 01/02/2026
A57: Utilizado no(s) item(ns) 92134
A58: Código | B58: Descrição | C58: Unidade | D58: Quantidade | E58: Utilização Operativa | F58: Utilização Improdutiva | G58: Valor Operativo | H58: Valor Improdutivo | I58: Valor Item
A59: 1159 | B59: Caminhonete com motor a diesel, potencia *160* cv, cabine dupla, 4x4 | C59: un | D59: 1.48e-05 | E59: 1 | F59: 0 | G59: 282445 | H59: 0 | I59: 4.18
A62: 92136 - Caminhonete com motor a diesel, potencia 180 cv, cabine dupla, 4x4 - manutenção. Af_11/2015 ( h )
A63: Sistema: SINAPI - Sist. Nac. de Pesq. de Custos e Índ. da Const. Civil - 01/02/2026
A64: Utilizado no(s) item(ns) 92136
A65: Código | B65: Descrição | C65: Unidade | D65: Quantidade | E65: Utilização Operativa | F65: Utilização Improdutiva | G65: Valor Operativo | H65: Valor Improdutivo | I65: Valor Item
A66: 1159 | B66: Caminhonete com motor a diesel, potencia *160* cv, cabine dupla, 4x4 | C66: un | D66: 6e-05 | E66: 1 | F66: 0 | G66: 282445 | H66: 0 | I66: 16.94
A69: 92137 - Caminhonete com motor a diesel, potencia 180 cv, cabine dupla, 4x4 - materiais na operação. Af_11/2015 ( h )
A70: Sistema: SINAPI - Sist. Nac. de Pesq. de Custos e Índ. da Const. Civil - 01/02/2026
A71: Utilizado no(s) item(ns) 92137
A72: Código | B72: Descrição | C72: Unidade | D72: Quantidade | E72: Utilização Operativa | F72: Utilização Improdutiva | G72: Valor Operativo | H72: Valor Improdutivo | I72: Valor Item
A73: 4221 | B73: Oleo diesel combustivel comum metropolitano s-10 ou s-500 | C73: l | D73: 5.89 | E73: 1 | F73: 0 | G73: 5.98 | H73: 0 | I73: 35.22
A76: 95316 - Curso de capacitação para auxiliar de eletricista (encargos complementares) - horista ( h )
A77: Sistema: SINAPI - Sist. Nac. de Pesq. de Custos e Índ. da Const. Civil - 01/02/2026
A78: Utilizado no(s) item(ns) 95316
A79: Código | B79: Descrição | C79: Unidade | D79: Quantidade | E79: Utilização Operativa | F79: Utilização Improdutiva | G79: Valor Operativo | H79: Valor Improdutivo | I79: Valor Item
A80: 247 | B80: Ajudante de eletricista (horista) | C80: h | D80: 0.03732 | E80: 1 | F80: 0 | G80: 16.5 | H80: 0 | I80: 0.61
A83: 95332 - Curso de capacitação para eletricista (encargos complementares) - horista ( h )
A84: Sistema: SINAPI - Sist. Nac. de Pesq. de Custos e Índ. da Const. Civil - 01/02/2026
A85: Utilizado no(s) item(ns) 95332
A86: Código | B86: Descrição | C86: Unidade | D86: Quantidade | E86: Utilização Operativa | F86: Utilização Improdutiva | G86: Valor Operativo | H86: Valor Improdutivo | I86: Valor Item
A87: 2436 | B87: Eletricista (horista) | C87: h | D87: 0.03732 | E87: 1 | F87: 0 | G87: 23.55 | H87: 0 | I87: 0.87
A90: 88284 - Motorista de veículo leve com encargos complementares ( h )
A91: Sistema: SINAPI - Sist. Nac. de Pesq. de Custos e Índ. da Const. Civil - 01/02/2026
A92: Utilizado no(s) item(ns) 88284
A93: Código | B93: Descrição | C93: Unidade | D93: Quantidade | E93: Utilização Operativa | F93: Utilização Improdutiva | G93: Valor Operativo | H93: Valor Improdutivo | I93: Valor Item
A94: 37370 | B94: Alimentacao - horista (coletado caixa - encargos complementares) | C94: h | D94: 1 | E94: 1 | F94: 0 | G94: 1.73 | H94: 0 | I94: 1.73
A95: 37372 | B95: Exames - horista (coletado caixa - encargos complementares) | C95: h | D95: 1 | E95: 1 | F95: 0 | G95: 1.67 | H95: 0 | I95: 1.67
A96: 4095 | B96: Motorista de carro de passeio (horista) | C96: h | D96: 1 | E96: 1 | F96: 0 | G96: 20.27 | H96: 0 | I96: 20.27
A97: 37373 | B97: Seguro - horista (coletado caixa - encargos complementares) | C97: h | D97: 1 | E97: 1 | F97: 0 | G97: 0.11 | H97: 0 | I97: 0.11
A98: 37371 | B98: Transporte - horista (coletado caixa - encargos complementares) | C98: h | D98: 1 | E98: 1 | F98: 0 | G98: 1.04 | H98: 0 | I98: 1.04
A99: 43488 | B99: Epi - família operador escavadeira - horista (encargos complementares - coletado caixa) | C99: h | D99: 1 | E99: 1 | F99: 0 | G99: 0.9 | H99: 0 | I99: 0.9
A100: 43464 | B100: Ferramentas - família operador escavadeira - horista (encargos complementares - coletado caixa) | C100: h | D100: 1 | E100: 1 | F100: 0 | G100: 0.02 | H100: 0 | I100: 0.02
A101: 95349 | B101: Curso de capacitação para motorista de veículo leve (encargos complementares) - horista | C101: h | D101: 1 | E101: 1 | F101: 0 | G101: 0.1 | H101: 0 | I101: 0.1
A104: 95349 - Curso de capacitação para motorista de veículo leve (encargos complementares) - horista ( h )
A105: Sistema: SINAPI - Sist. Nac. de Pesq. de Custos e Índ. da Const. Civil - 01/02/2026
A106: Utilizado no(s) item(ns) 95349
A107: Código | B107: Descrição | C107: Unidade | D107: Quantidade | E107: Utilização Operativa | F107: Utilização Improdutiva | G107: Valor Operativo | H107: Valor Improdutivo | I107: Valor Item
A108: 4095 | B108: Motorista de carro de passeio (horista) | C108: h | D108: 0.00509 | E108: 1 | F108: 0 | G108: 20.27 | H108: 0 | I108: 0.1
A111: 91928 - Cabo de cobre flexível isolado, 4 mm², anti-chama 450/750 v, para circuitos terminais - fornecimento e instalação. Af_03/2023 ( m )
A112: Sistema: SINAPI - Sist. Nac. de Pesq. de Custos e Índ. da Const. Civil - 01/02/2026
A113: Utilizado no(s) item(ns) 91928
A114: Código | B114: Descrição | C114: Unidade | D114: Quantidade | E114: Utilização Operativa | F114: Utilização Improdutiva | G114: Valor Operativo | H114: Valor Improdutivo | I114: Valor Item
A115: 981 | B115: Cabo de cobre, flexivel, classe 4 ou 5, isolacao em pvc/a, antichama bwf-b, 1 condutor, 450/750 v, secao nominal 4 mm2 | C115: m | D115: 1.2434 | E115: 1 | F115: 0 | G115: 4.5 | H115: 0 | I115: 5.59
A116: 21127 | B116: Fita isolante adesiva antichama, uso até 750 v, em rolo de 19 mm x 5 m | C116: un | D116: 0.0094 | E116: 1 | F116: 0 | G116: 6.44 | H116: 0 | I116: 0.06
A117: 88247 | B117: Auxiliar de eletricista com encargos complementares | C117: h | D117: 0.039 | E117: 1 | F117: 0 | G117: 23.83 | H117: 0 | I117: 0.92
A118: 88264 | B118: Eletricista com encargos complementares | C118: h | D118: 0.039 | E118: 1 | F118: 0 | G118: 31.14 | H118: 0 | I118: 1.21
A121: 91857 - Eletroduto flexível corrugado reforçado, pvc, dn 32 mm (1"), para circuitos terminais, instalado em parede - fornecimento e instalação. Af_03/2023 ( m )
A122: Sistema: SINAPI - Sist. Nac. de Pesq. de Custos e Índ. da Const. Civil - 01/02/2026
A123: Utilizado no(s) item(ns) 91857
A124: Código | B124: Descrição | C124: Unidade | D124: Quantidade | E124: Utilização Operativa | F124: Utilização Improdutiva | G124: Valor Operativo | H124: Valor Improdutivo | I124: Valor Item
A125: 39245 | B125: Eletroduto pvc flexível corrugado, reforçado, cor laranja, de 32 mm, para lajes e pisos | C125: m | D125: 1.017 | E125: 1 | F125: 0 | G125: 8.06 | H125: 0 | I125: 8.19
A126: 88247 | B126: Auxiliar de eletricista com encargos complementares | C126: h | D126: 0.149 | E126: 1 | F126: 0 | G126: 23.83 | H126: 0 | I126: 3.55
...

Sheet Curva ABC
A2: PROCESSO ADMINISTRATIVO N°: 24.195/2025
A3: OBJETO: REGISTRO DE PREÇOS DE EMPRESA ESPECIALIZADA PARA EXECUÇÃO DE SERVIÇOS DE INSTALAÇÕES ELÉTRICAS EM BARRACAS DE PRACA DE ALIMENTAÇÃO, FOOD TRUCKS E INSTALAÇÃO DE POSTE CÔNICO (PONTO DE DISTRIBUIÇÃO ELÉTRICA) DURANTE EVENTOS CULTURAIS PROMOVIDOS PELA FUNDAÇÃO DE CULTURA DE CORUMBÁ – LOTE 08 - CARNAVAL.
A5: PARETO DE SERVIÇOS
A7: ITEM/ CÓD | B7: DESCRIÇÃO | C7: UN | D7: QTDE. | E7: VALOR UNIT. | F7: VALOR TOTAL | G7: % SIMPLES | H7: % ACUM.
A8: 01.05 1004202604 | B8: INSTALAÇÃO COM POSTERIOR RETIRADA DE CONJUNTO DE LUMINÁRIAS LED DE REFORÇO DE ILUMINAÇÃO DA PASSARELA DO SAMBA, PORTO GERAL E DEMAIS EVENTOS (INCLUINDO POSTE) | C8: un | D8: 25 | E8: 7799.61 | F8: 194990.25 | G8: =F8/$F$20 -> 0.31886036 | H8: =G8 -> 0.31886036
A9: 01.02 1004202601 | B9: CABO DE ALUMINIO NU SEM ALMA DE ACO, BITOLA 1/0AWG/50 MM2 (4 CONDUTORES MULTIPLEXADOS) -FORNECIMENTO E INSTALAÇÃO COM POSTERIOR RETIRADA. | C9: kg | D9: 400 | E9: 269.01 | F9: 107604 | G9: =F9/$F$20 -> 0.17596085 | H9: =G9+H8 -> 0.49482121
A10: 01.08 105955 | B10: Poste de aço cônico contínuo reto, engastamento simples com 1 m de solo, h=9m - fornecimento e instalação. Af_04/2025 | C10: un | D10: 25 | E10: 3082.42 | F10: 77060.5 | G10: =F10/$F$20 -> 0.12601419 | H10: =G10+H9 -> 0.6208354
A11: 01.11 1004202609 | B11: TRANSFORMADOR DE DISTRIBUIÇÃO, 150 KVA, TRIFÁSICO, 60 HZ, CLASSE 15 KV, IMERSO EM ÓLEO MINERAL, INSTALAÇÃO EM POSTE (NÃO INCLUSO SUPORTE) - FORNECIMENTO E INSTALAÇÃO. | C11: un | D11: 1 | E11: 44610.13 | F11: 44610.13 | G11: =F11/$F$20 -> 0.0729493 | H11: =G11+H10 -> 0.6937847
A12: 01.12 1004202610 | B12: TRANSFORMADOR DE DISTRIBUIÇÃO, 112,5 KVA, TRIFÁSICO, 60 HZ, CLASSE 15 KV, IMERSO EM ÓLEO MINERAL, INSTALAÇÃO EM POSTE (NÃO INCLUSO SUPORTE) - FORNECIMENTO E INSTALAÇÃO. | C12: un | D12: 1 | E12: 35577.96 | F12: 35577.96 | G12: =F12/$F$20 -> 0.058179325 | H12: =G12+H11 -> 0.75196403
A13: 01.04 1004202603 | B13: ENTRADA DE ENERGIA ELÉTRICA, AÉREA, TRIFÁSICA, COM CAIXA DE SOBREPOR, CABO DE 35 MM2 E DISJUNTOR NEMA DE 60 ATÉ 100A (NÃO INCLUSO O POSTE DE CONCRETO). AF_07/2020_PS COM POSTERIOR RETIRADA – RAMAL PROVISÓRIO | C13: un | D13: 15 | E13: 2214.41 | F13: 33216.15 | G13: =F13/$F$20 -> 0.054317144 | H13: =G13+H12 -> 0.80628117
A14: 01.03 1004202602 | B14: INSTALAÇÕES ELÉTRICAS PROVISÓRIAS EM BARRACAS E/OU TENDAS E CAMAROTES. | C14: un | D14: 120 | E14: 267.07 | F14: 32048.4 | G14: =F14/$F$20 -> 0.052407566 | H14: =G14+H13 -> 0.85868874
A15: 01.01 C01 Ev | B15: FORNECIMENTO DE DUPLA DE ELETRICISTAS, PROVIDOS DE FERRAMENTAS, EPIS EM CONFORMIDADE COM A NR10 E TRANSPORTE (VIATURA PROVIDA DE DE ESCADAS E EPCS) - PLANTÃO DURANTE OS EVENTOS PARA ATENDER AS SOLICITAÇÕES DA CONTRATANTE | C15: h | D15: 168 | E15: 183.61 | F15: 30846.48 | G15: =F15/$F$20 -> 0.050442111 | H15: =G15+H14 -> 0.90913085
A16: 01.07 1004202606 | B16: INSTALAÇÃO, EM POSTE, (CONCRETO OU METÁLICO) DE PROJETOR LED PARA MELHORIA DE ILUMINAÇÃO – (NÃO INCLUI POSTE) | C16: un | D16: 25 | E16: 1208.14 | F16: 30203.5 | G16: =F16/$F$20 -> 0.049390669 | H16: =G16+H15 -> 0.95852152
A17: 01.10 1004202608 | B17: DISPONIBILIZAÇÃO DE EQUIPE COM GUINDAUTO | C17: h | D17: 40 | E17: 400.36 | F17: 16014.4 | G17: =F17/$F$20 -> 0.026187757 | H17: =G17+H16 -> 0.98470928
A18: 01.06 1004202605 | B18: INSTALAÇÃO DE LUMINÁRIA LED 35 WATTS PARA REFORÇO DE ILUMINAÇÃO DA PASSARELA DO SAMBA, EM FRENTE AOS CAMAROTES, COM POSTERIOR RETIRADA | C18: un | D18: 32 | E18: 201.91 | F18: 6461.12 | G18: =F18/$F$20 -> 0.010565631 | H18: =G18+H17 -> 0.99527491
A19: 01.09 1004202607 | B19: INSTALAÇÃO PROVISÓRIA, COM POSTERIOR RETIRADA, PARA ATENDIMENTO DE FOOD TRUCK | C19: un | D19: 10 | E19: 288.95 | F19: 2889.5 | G19: =F19/$F$20 -> 0.0047250927 | H19: =G19+H18 -> 1
F20: =SUM(F8:F19) -> 611522.39

Sheet Memória de cálculo
B1: ESTADO DE MATO GROSSO DO SUL MUNICÍPIO DE CORUMBÁ FUNDAÇÃO DE DESENVOLVIMENTO URBANO E PATRIMÔNIO HISTÓRICO AVENIDA GENERAL RONDON, Nº 985, BAIRRO CENTRO, CORUMBÁ – MS / CEP 79300-020
A3: PROCESSO ADMINISTRATIVO N°: 24.195/2025
A4: OBJETO: REGISTRO DE PREÇOS DE EMPRESA ESPECIALIZADA PARA EXECUÇÃO DE SERVIÇOS DE INSTALAÇÕES ELÉTRICAS EM BARRACAS DE PRACA DE ALIMENTAÇÃO, FOOD TRUCKS E INSTALAÇÃO DE POSTE CÔNICO (PONTO DE DISTRIBUIÇÃO ELÉTRICA) DURANTE EVENTOS CULTURAIS PROMOVIDOS PELA FUNDAÇÃO DE CULTURA DE CORUMBÁ – LOTE 08 – CARNAVAL.
A6: MEMÓRIA DE CÁLCULO
A8: ITEM | B8: CÓD | C8: DESCRIÇÃO | D8: UN | E8: QTDE. | F8: MEMÓRIA DE CÁLCULO
A9: 01 | B9: INSTALAÇÕES ELÉTRICAS
A10: 01.01 | B10: C01 Ev | C10: ='Orçamento Inicial'!B16 -> FORNECIMENTO DE DUPLA DE ELETRICISTAS, PROVIDOS DE FERRAMENTAS, EPIS EM CONFORMIDADE COM A NR10 E TRANSPORTE (VIATURA PROVIDA DE DE ESCADAS E EPCS) - PLANTÃO DURANTE OS EVENTOS PARA ATENDER AS SOLICITAÇÕES DA CONTRATANTE | D10: ='Orçamento Inicial'!D16 -> h | E10: ='Orçamento Inicial'!E16 -> 168 | F10: Conforme descrito no projeto de instalações elétricas.
A11: 01.02 | B11: 1004202601 | C11: ='Orçamento Inicial'!B17 -> CABO DE ALUMINIO NU SEM ALMA DE ACO, BITOLA 1/0AWG/50 MM2 (4 CONDUTORES MULTIPLEXADOS) -FORNECIMENTO E INSTALAÇÃO COM POSTERIOR RETIRADA. | D11: ='Orçamento Inicial'!D17 -> kg | E11: ='Orçamento Inicial'!E17 -> 400 | F11: Conforme descrito no projeto de instalações elétricas.
A12: 01.03 | B12: 1004202602 | C12: ='Orçamento Inicial'!B18 -> INSTALAÇÕES ELÉTRICAS PROVISÓRIAS EM BARRACAS E/OU TENDAS E CAMAROTES. | D12: ='Orçamento Inicial'!D18 -> un | E12: ='Orçamento Inicial'!E18 -> 120 | F12: Conforme descrito no projeto de instalações elétricas.
A13: 01.04 | B13: 1004202603 | C13: ='Orçamento Inicial'!B19 -> ENTRADA DE ENERGIA ELÉTRICA, AÉREA, TRIFÁSICA, COM CAIXA DE SOBREPOR, CABO DE 35 MM2 E DISJUNTOR NEMA DE 60 ATÉ 100A (NÃO INCLUSO O POSTE DE CONCRETO). AF_07/2020_PS COM POSTERIOR RETIRADA – RAMAL PROVISÓRIO | D13: ='Orçamento Inicial'!D19 -> un | E13: ='Orçamento Inicial'!E19 -> 15 | F13: Conforme descrito no projeto de instalações elétricas.
A14: 01.05 | B14: 1004202604 | C14: ='Orçamento Inicial'!B20 -> INSTALAÇÃO COM POSTERIOR RETIRADA DE CONJUNTO DE LUMINÁRIAS LED DE REFORÇO DE ILUMINAÇÃO DA PASSARELA DO SAMBA, PORTO GERAL E DEMAIS EVENTOS (INCLUINDO POSTE) | D14: ='Orçamento Inicial'!D20 -> un | E14: ='Orçamento Inicial'!E20 -> 25 | F14: Conforme descrito no projeto de instalações elétricas.
A15: 01.06 | B15: 1004202605 | C15: ='Orçamento Inicial'!B21 -> INSTALAÇÃO DE LUMINÁRIA LED 35 WATTS PARA REFORÇO DE ILUMINAÇÃO DA PASSARELA DO SAMBA, EM FRENTE AOS CAMAROTES, COM POSTERIOR RETIRADA | D15: ='Orçamento Inicial'!D21 -> un | E15: ='Orçamento Inicial'!E21 -> 32 | F15: Conforme descrito no projeto de instalações elétricas.
A16: 01.07 | B16: 1004202606 | C16: ='Orçamento Inicial'!B22 -> INSTALAÇÃO, EM POSTE, (CONCRETO OU METÁLICO) DE PROJETOR LED PARA MELHORIA DE ILUMINAÇÃO – (NÃO INCLUI POSTE) | D16: ='Orçamento Inicial'!D22 -> un | E16: ='Orçamento Inicial'!E22 -> 25 | F16: Conforme descrito no projeto de instalações elétricas.
A17: 01.08 | B17: 105955 | C17: ='Orçamento Inicial'!B23 -> Poste de aço cônico contínuo reto, engastamento simples com 1 m de solo, h=9m - fornecimento e instalação. Af_04/2025 | D17: ='Orçamento Inicial'!D23 -> un | E17: ='Orçamento Inicial'!E23 -> 25 | F17: Conforme descrito no projeto de instalações elétricas.
A18: 01.09 | B18: 1004202607 | C18: ='Orçamento Inicial'!B24 -> INSTALAÇÃO PROVISÓRIA, COM POSTERIOR RETIRADA, PARA ATENDIMENTO DE FOOD TRUCK | D18: ='Orçamento Inicial'!D24 -> un | E18: ='Orçamento Inicial'!E24 -> 10 | F18: Conforme descrito no projeto de instalações elétricas.
A19: 01.10 | B19: 1004202608 | C19: ='Orçamento Inicial'!B25 -> DISPONIBILIZAÇÃO DE EQUIPE COM GUINDAUTO | D19: ='Orçamento Inicial'!D25 -> h | E19: ='Orçamento Inicial'!E25 -> 40 | F19: Conforme descrito no projeto de instalações elétricas.
A20: 01.11 | B20: 1004202609 | C20: ='Orçamento Inicial'!B26 -> TRANSFORMADOR DE DISTRIBUIÇÃO, 150 KVA, TRIFÁSICO, 60 HZ, CLASSE 15 KV, IMERSO EM ÓLEO MINERAL, INSTALAÇÃO EM POSTE (NÃO INCLUSO SUPORTE) - FORNECIMENTO E INSTALAÇÃO. | D20: ='Orçamento Inicial'!D26 -> un | E20: ='Orçamento Inicial'!E26 -> 1 | F20: Conforme descrito no projeto de instalações elétricas.
A21: 01.12 | B21: 1004202610 | C21: ='Orçamento Inicial'!B27 -> TRANSFORMADOR DE DISTRIBUIÇÃO, 112,5 KVA, TRIFÁSICO, 60 HZ, CLASSE 15 KV, IMERSO EM ÓLEO MINERAL, INSTALAÇÃO EM POSTE (NÃO INCLUSO SUPORTE) - FORNECIMENTO E INSTALAÇÃO. | D21: ='Orçamento Inicial'!D27 -> un | E21: ='Orçamento Inicial'!E27 -> 1 | F21: Conforme descrito no projeto de instalações elétricas.
